AoeStats
← Dickpantz

Oasis

507841820Analyzed
4v4 RM · 13d ago on Sep 19, 2026· 73m 48s· 8 players
Game mode
Random Map
Map size
Large (8 player)
Population
200
Speed
Normal
Resources
Standard
Victory
Conquest
Starting age
Dark Age
Ending age
Imperial Age
RankedLock teamsTeams togetherTeam positionsShared explorationLock speedFull tech treeHidden civsTurbo modeCheats
Victory
Defeat
🇹🇷 Vietnamese · Türkiye
1293
+9
🇹🇷 Bohemians · Türkiye
1232
+11
🇹🇷 Inca · Türkiye
1163
+14
🇹🇷 Mongols · Türkiye
1130
+15
🇺🇸 Persians · United States
1137
-13
🇺🇸 Khmer · United States
1133
-13
🇨🇦 Italians · Canada
1125
-12
🇲🇽 Britons · Mexico
1095
-11
Lumi.S
7:02 Loom
11:51 Feudal Age
12:21 Double-Bit Axe
26:42 Castle Age
29:42 Bow Saw
40:50 Fletching
42:30 Horse Collar
45:09 Wheelbarrow
49:14 Fortified Wall
50:48 Elite Skirmisher
68:07 Imperial Age
Dickpantz
11:33 Feudal Age
15:31 Castle Age
13:50 Double-Bit Axe
16:26 Bow Saw
15:57 Horse Collar
17:52 Heavy Plow
20:11 Loom
21:03 Wheelbarrow
22:57 Gold Mining
24:24 Bloodlines
24:30 Town Watch
25:08 Forging
25:32 Scale Barding Armor
26:31 Husbandry
27:13 Chain Barding Armor
28:03 Hand Cart
28:43 Gold Shaft Mining
31:56 Imperial Age
31:18 Iron Casting
30:12 Light Cavalry
30:56 Stone Mining
32:29 Hussar
33:57 Cavalier
37:00 Conscription
36:40 Double Crossbow
36:38 Heavy Scorpion
40:10 Plate Barding Armor
42:47 Blast Furnace
45:47 Ballistics
46:28 Chemistry
48:03 Caravan
48:04 Capped Ram
49:45 Murder Holes
49:58 Siege Engineers
50:04 Masonry
53:42 Cavalier
61:31 Capped Ram
63:19 Coinage
ShadedKnight
12:04 Feudal Age
15:38 Castle Age
13:56 Double-Bit Axe
17:31 Wheelbarrow
16:39 Horse Collar
18:47 Bow Saw
21:09 Scale Barding Armor
21:38 Loom
22:51 Forging
23:50 Fletching
25:27 Bloodlines
27:51 Husbandry
28:19 Stone Mining
28:22 Gold Mining
29:47 Town Watch
30:39 Stone Shaft Mining
30:20 Heavy Plow
34:31 Hand Cart
35:00 Iron Casting
34:49 Chain Barding Armor
39:24 Gold Shaft Mining
44:13 Imperial Age
43:31 Caravan
45:35 Chemistry
44:55 Ballistics
44:31 Murder Holes
45:46 Conscription
44:52 Elite War Elephant
47:12 Hoardings
48:27 Cavalier
49:32 Bodkin Arrow
50:38 Blast Furnace
50:18 Plate Barding Armor
51:31 Kamandaran
51:27 Savar
56:20 Light Cavalry
58:16 Padded Archer Armor
59:17 Blast Furnace
58:42 Masonry
58:13 Crossbowman
59:00 Thumb Ring
62:53 Hussar
65:22 Leather Archer Armor
[GDL] Wenjie
0:27 Loom
13:51 Feudal Age
18:28 Castle Age
16:19 Double-Bit Axe
16:16 Horse Collar
19:04 Stone Mining
22:13 Fletching
23:57 Wheelbarrow
22:58 Man-at-Arms
25:58 Gold Mining
26:58 Fortified Wall
29:11 Hand Cart
28:43 Town Watch
29:19 Padded Archer Armor
29:42 Heavy Plow
30:22 Leather Archer Armor
31:35 Bodkin Arrow
31:55 Leather Archer Armor
34:21 Murder Holes
35:35 Ballistics
35:25 Crossbowman
36:52 Bow Saw
36:28 Long Swordsman
41:33 Imperial Age
42:31 Onager
44:41 Two-Man Saw
44:04 Caravan
44:34 Coinage
47:44 Elite Skirmisher
50:10 Conscription
55:42 Town Patrol
57:13 Siege Engineers
57:03 Arbalester
60:55 Forging
61:40 Bracer
62:12 Ring Archer Armor
62:25 Iron Casting
61:50 Scale Mail Armor
62:00 Elite Longbowman
62:55 Pikeman
64:29 Cavalier
Viper's Mom
10:32 Loom
12:41 Feudal Age
13:34 Double-Bit Axe
13:37 Horse Collar
16:25 Castle Age
17:20 Scale Barding Armor
17:56 Bloodlines
19:39 Bow Saw
25:00 Husbandry
26:33 Gold Mining
27:56 Chain Barding Armor
27:47 Forging
28:24 Wheelbarrow
35:34 Hand Cart
41:34 Imperial Age
40:55 Scale Mail Armor
41:31 Iron Casting
40:46 Fletching
40:57 Padded Archer Armor
40:22 Pikeman
41:03 Squires
40:49 Arson
41:23 Town Watch
42:26 Chain Mail Armor
42:08 Fletching
42:19 Padded Archer Armor
43:59 Plate Mail Armor
43:33 Padded Archer Armor
44:47 Town Patrol
45:27 Conscription
45:33 Drill
46:42 Heavy Camel Rider
48:05 Light Cavalry
49:10 Hussar
51:16 Iron Casting
60:59 Capped Ram
62:27 Siege Engineers
62:44 Ballistics
61:59 Siege Ram
64:36 Chemistry
68:05 Elite Mangudai
68:42 Bodkin Arrow
69:03 Leather Archer Armor
69:48 Blast Furnace
MW.ItsyBitsy
3:07 Loom
10:15 Feudal Age
10:51 Double-Bit Axe
12:34 Gold Mining
13:41 Wheelbarrow
13:55 Fletching
23:49 Castle Age
23:53 Crossbowman
25:00 Hand Cart
24:52 Bodkin Arrow
25:29 Thumb Ring
26:59 Ballistics
28:05 Bow Saw
27:59 Padded Archer Armor
27:23 Pikeman
27:53 Horse Collar
28:36 Squires
29:17 Arson
30:06 Leather Archer Armor
29:59 Stone Mining
35:27 Stone Shaft Mining
39:14 Heavy Plow
40:45 Scale Mail Armor
40:55 Forging
40:27 Elite Skirmisher
43:53 Imperial Age
41:44 Chain Mail Armor
44:08 Iron Casting
43:59 Imperial Skirmisher
45:02 Paper Money
45:52 Chemistry
44:24 Halberdier
45:46 Ring Archer Armor
45:25 Bracer
47:03 Plate Mail Armor
46:39 Treadmill Crane
46:55 Murder Holes
60:34 Two-Man Saw
61:12 Siege Engineers
65:13 Arbalester
70:26 Fortified Wall
70:02 Sappers
71:29 Bombard Tower
71:19 Scale Barding Armor
71:06 Heated Shot
71:08 Guard Tower
71:06 Arrowslits
72:48 Onager
Ospan Batyr
10:35 Loom
13:35 Feudal Age
13:05 Loom
15:09 Champi Runner
15:36 Arson
16:39 Scale Mail Armor
16:49 Forging
24:37 Castle Age
23:06 Horse Collar
24:40 Elite Skirmisher
25:25 Double-Bit Axe
26:22 Padded Archer Armor
27:31 Bow Saw
28:26 Andean Sling
29:15 Gold Mining
31:09 Wheelbarrow
32:31 Hand Cart
35:17 Leather Archer Armor
34:53 Fletching
37:49 Imperial Age
37:11 Caravan
39:13 Conscription
40:34 Imperial Skirmisher
41:20 Thumb Ring
44:20 Chain Mail Armor
45:01 Elite Kamayuk
46:49 Plate Mail Armor
48:45 Town Watch
49:51 Heavy Plow
50:04 Fabric Shields
53:03 Ring Archer Armor
52:29 Bodkin Arrow
53:10 Iron Casting
53:08 Onager
55:24 Chemistry
54:47 Ballistics
56:28 Crop Rotation
57:42 Blast Furnace
56:43 Bracer
62:20 Gold Shaft Mining
67:03 Stone Mining
70:16 Spies/Treason
Vantokk
5:03 Loom
10:43 Feudal Age
10:46 Feudal Age
11:57 Double-Bit Axe
11:53 Horse Collar
17:37 Castle Age
18:54 Bow Saw
18:46 Heavy Plow
20:33 Wheelbarrow
23:29 Hand Cart
23:00 Town Watch
26:31 Coinage
27:00 Treadmill Crane
28:22 Chemistry
27:43 Ballistics
30:12 Imperial Age
28:02 Fervor
30:26 Murder Holes
30:56 Wagenburg Tactics
31:19 Conscription
31:04 Hussite Reforms
31:23 Conscription
31:03 Elite Hussite Wagon
32:59 Banking
33:39 Siege Engineers
35:14 Sanctity
34:57 Devotion
37:43 Masonry
37:56 Bombard Tower
37:23 Houfnice
47:10 Padded Archer Armor
47:11 Scale Mail Armor
47:22 Forging
47:49 Caravan
48:43 Squires
48:03 Pikeman
48:58 Halberdier
50:03 Chain Mail Armor
68:19 Spies/Treason
Connection lost

Rejoining the realm…

Still unreachable

The connection could not be restored.

Session expired

The server has moved on; the page needs a fresh start.